Map: Moonlight Madness LE (Void)

Players

Silas

  • Race: Terran Terran
  • League: Platinum

EverZtelecoM (telecom) - Winner!

  • Race: Zerg Zerg
  • League: Platinum

VOD

Have the link to the VOD?

Description

Time

  • Played on: Oct. 1, 2015, 11:55 a.m.
  • Length: 12:37
Show
View Real Time Build Order
Export as new Build Order

Silas Terran 

Build Orders: Bio Tank, MMM Bio 

Get SALT Encoding   

  12  0:01  SCV  
  13  0:13  SCV  
  14  0:18  Supply Depot  
  14  0:25  SCV  
  15  0:42  Refinery, Barracks  
  15  0:51  Barracks  
  15  0:55  SCV  
  16  1:07  SCV  
  17  1:19  Supply Depot  
  17  1:20  SCV  
  18  1:30  Reaper  
  19  1:35  Orbital Command  
  19  1:42  Reaper  
  20  2:01  SCV  
  21  2:05  Reaper  
  22  2:13  SCV, Refinery, Supply Depot  
  23  2:19  Reaper  
  24  2:25  SCV  
  25  2:37  SCV  
  26  2:45  Reaper  
  26  2:49  SCV  
  28  2:52  Supply Depot  
  28  2:59  Command Center  
  28  3:01  SCV  
  29  3:07  Reaper  
  30  3:13  SCV  
  32  3:23  Barracks  
  32  3:24  Barracks  
  32  3:26  SCV  
  33  3:38  SCV  
  35  3:42  Bunker  
  35  3:44  Barracks Tech Lab  
  33  3:48  Bunker  
  33  3:50  Barracks Reactor  
  33  3:58  SCV  
  33  4:07  Bunker  
  33  4:08  Factory  
  33  4:11  SCV  
  33  4:14  Barracks Reactor  
  33  4:15  Barracks Tech Lab  
  34  4:17  Stimpack  
  34  4:25  Orbital Command  
  34  4:28  Marine  
  35  4:33  Marine  
  36  4:39  Marauder  
  38  4:47  Marauder, Marine  
  41  4:57  Factory Tech Lab  
  41  4:58  SCV  
  41  4:59  Marine  
  43  5:00  Marauder  
  43  5:01  SCV  
  46  5:08  Marine  
  46  5:11  Supply Depot, Marine  
  48  5:17  Marine  
  48  5:18  Marauder, Marine  
  52  5:22  Siege Tank  
  52  5:24  SCV  
  52  5:27  SCV  
  56  5:39  Marine x3  
  56  5:40  Marauder  
  61  5:47  Supply Depot  
  60  5:53  SCV  
  60  5:55  Siege Tank  
  64  5:58  Marauder  
  67  6:07  Marine x2  
  67  6:08  Marauder  
  66  6:21  SCV x2  
  66  6:23  Barracks Reactor  
  68  6:26  Marine x2  
  68  6:27  Siege Tank, Marauder  
  68  6:29  Starport, Marine  
  76  6:33  Supply Depot, SCV  
  77  6:43  Concussive Shells  
  77  6:44  Marine  
  77  6:46  Refinery  
  78  6:54  SCV x2  
  78  6:55  Supply Depot, Marauder x2  
  78  6:57  Supply Depot  
  84  7:03  Marine  
  84  7:07  SCV  
  86  7:08  Factory Tech Lab  
  86  7:15  Refinery  
  86  7:16  Supply Depot, SCV  
  86  7:19  SCV, Medivac  
  86  7:20  Medivac  
  92  7:22  Marine  
  92  7:25  Marine  
  92  7:28  Marine  
  95  7:32  SCV  
  95  7:36  SCV  
  97  7:37  Marine  
  97  7:39  Supply Depot, Marine  
  97  7:40  Marine  
  97  7:42  Marine  
  101  7:44  SCV  
  101  7:48  Marine x2  
  104  7:51  Medivac x2  
  104  7:58  Marauder  
  110  8:01  Siege Tank, Marine  
  110  8:02  Marauder  
  110  8:04  Supply Depot  
  116  8:07  Marine  
  117  8:22  Engineering Bay  
  117  8:23  Engineering Bay  
  117  8:26  Marauder  
  119  8:28  Marine x2  
  119  8:32  Supply Depot  
  121  8:36  Command Center  
  94  8:52  Marine  
  94  8:53  Marauder  
  81  9:02  Marine  
  81  9:03  Marauder, Siege Tank, Marine  
  81  9:06  Terran Infantry Weapons Level 1, SCV x2, Terran Infantry Armor Level 1  
  81  9:07  Supply Depot  
  90  9:12  Marine  
  90  9:14  Marauder, Medivac  
  95  9:18  SCV x2  
  95  9:21  Armory  
  97  9:25  Barracks  
  97  9:28  Marine  
  97  9:30  SCV x2  
  100  9:34  Missile Turret  
  100  9:42  SCV  
  100  9:43  Supply Depot  
  100  9:44  Marauder, Marine x2  
  105  9:50  Siege Tank, Marine  
  105  9:51  Marauder  
  111  9:55  Marine  
  111  9:59  Orbital Command  
  112  10:01  SCV  
  112  10:03  Marine  
  112  10:06  Combat Shields, Marauder  
  116  10:09  Supply Depot  
  116  10:10  Marine  
  116  10:11  Marine  
  118  10:17  Marine  
  118  10:18  Marauder, Marine  
  122  10:23  Marine  
  122  10:24  Siege Tank  
  122  10:27  SCV x3  
  129  10:36  Marine x2  
  129  10:37  Marauder  
  129  10:39  SCV, Marauder  
  129  10:42  Supply Depot  
  136  10:43  Marine  
  136  10:49  Marine  
  137  10:50  Barracks Tech Lab  
  137  10:52  Medivac x2  
  142  10:57  Marine x2  
  142  10:58  Marauder  
  142  11:00  Marine  
  142  11:01  SCV, Marine  
  149  11:07  Marine  
  150  11:13  Supply Depot  
  150  11:16  Marauder, Marine  
  150  11:17  Siege Tank  
  150  11:18  Marine  
  157  11:19  Marauder  
  159  11:32  Marauder, Marine x2  
  161  11:38  Marauder  
  161  11:39  Marine x2  
  142  11:40  Marauder  
  118  11:49  Marine x2  
  118  11:54  Supply Depot, Marauder  
  120  11:57  Marine x2  
  120  11:59  Marauder  
  120  12:00  Siege Tank  
  127  12:01  Marauder  
  127  12:07  Marine  
  130  12:11  Marine  
  130  12:15  Marauder  
  123  12:16  Marine x2  
Show
View Real Time Build Order
Export as new Build Order

EverZtelecoM Zerg - Winner!

Build Orders: Hatch First 

Get SALT Encoding   

  12  0:00  Drone  
  13  0:08  Drone  
  14  0:17  Overlord  
  14  0:25  Extractor  
  14  0:26  Drone  
  15  0:35  Drone x2  
  17  0:44  Drone  
  18  1:00  Hatchery  
  17  1:05  Drone  
  18  1:19  Drone  
  18  1:20  Spawning Pool  
  18  1:22  Drone  
  19  1:28  Drone  
  20  1:37  Overlord  
  20  2:06  Queen  
  20  2:07  Zergling x4  
  24  2:10  Zergling x2  
  24  2:12  Extractor, Queen  
  24  2:14  Drone  
  27  2:17  Spine Crawler  
  27  2:20  Drone  
  27  2:23  Drone  
  27  2:25  Extractor  
  27  2:31  Drone, Roach Warren  
  26  2:37  Drone  
  26  2:42  Drone  
  27  2:54  Overlord  
  25  3:11  Roach x4  
  33  3:18  Roach  
  35  3:24  Drone x2  
  37  3:28  Roach  
  39  3:35  Roach  
  41  3:42  Drone x2  
  43  3:50  Overlord  
  43  3:57  Drone  
  44  4:04  Overlord  
  44  4:10  Ravager  
  44  4:11  Ravager  
  44  4:12  Drone x2  
  44  4:13  Drone  
  44  4:16  Drone  
  50  4:20  Drone  
  50  4:22  Drone  
  52  4:29  Ravager  
  53  4:36  Drone  
  53  4:37  Overlord  
  54  4:38  Drone  
  54  4:41  Drone x2  
  55  4:48  Drone x2  
  54  5:04  Overlord  
  54  5:09  Overlord  
  54  5:10  Drone x3  
  57  5:17  Roach x3  
  57  5:18  Zergling x2  
  64  5:21  Drone  
  64  5:28  Overlord  
  65  5:29  Zergling x2  
  65  5:32  Drone  
  65  5:35  Roach, Zergling x2  
  67  5:42  Zergling x2  
  66  5:50  Drone x2  
  66  5:51  Ravager  
  66  5:54  Drone  
  66  5:55  Drone  
  67  6:04  Hatchery  
  67  6:08  Drone  
  67  6:10  Drone x2  
  67  6:14  Extractor x2  
  67  6:15  Queen  
  67  6:17  Metabolic Boost, Evolution Chamber  
  66  6:21  Evolution Chamber, Drone  
  66  6:22  Drone x3  
  66  6:23  Drone x2  
  71  6:29  Zergling x2  
  72  6:35  Drone x4  
  72  6:36  Drone  
  77  6:44  Zerg Missile Weapons Level 1  
  77  6:45  Spine Crawler  
  76  6:48  Zerg Ground Armor Level 1  
  76  6:53  Drone  
  77  6:56  Queen  
  77  6:59  Overlord  
  79  7:03  Baneling Nest  
  78  7:13  Overlord  
  78  7:14  Drone  
  79  7:18  Drone x7  
  86  7:25  Lair  
  86  7:32  Overlord  
  86  7:34  Zergling x2  
  87  7:37  Drone  
  87  7:38  Drone x2  
  87  7:40  Drone x4  
  94  7:48  Baneling x5  
  94  7:49  Roach x4  
  102  7:53  Roach x2  
  102  7:57  Zergling x2  
  106  8:01  Drone  
  106  8:03  Extractor  
  106  8:04  Extractor  
  106  8:05  Zergling x4  
  106  8:09  Drone  
  106  8:11  Zergling x6  
  111  8:14  Baneling x2  
  111  8:15  Baneling  
  111  8:16  Zergling x2, Baneling  
  111  8:17  Roach, Zergling x2  
  111  8:18  Overlord x3  
  111  8:19  Overlord  
  115  8:23  Overlord  
  115  8:29  Overlord  
  113  8:39  Roach x4  
  113  8:40  Zergling x6  
  121  8:41  Zergling x4  
  112  8:49  Zergling x6  
  112  8:50  Zergling x4  
  112  8:51  Zergling x2  
  112  8:54  Roach x2  
  112  8:55  Roach x3  
  121  8:57  Roach  
  121  9:02  Roach  
  115  9:03  Zerg Ground Armor Level 2, Zerg Missile Weapons Level 2  
  115  9:08  Zergling x4  
  117  9:10  Glial Reconstitution  
  117  9:11  Drone  
  118  9:17  Baneling x4  
  118  9:18  Drone x2, Hydralisk Den  
  118  9:19  Overseer  
  118  9:23  Drone  
  120  9:27  Drone  
  120  9:30  Spore Crawler  
  120  9:34  Drone  
  118  9:39  Overlord  
  118  9:41  Roach x2  
  118  9:44  Baneling x4  
  118  9:45  Centrifical Hooks, Baneling x2  
  122  9:49  Ravager x4  
  122  9:50  Roach  
  122  9:51  Roach  
  122  9:52  Zergling x14  
  137  9:57  Zergling x4  
  137  9:58  Zergling x2  
  140  10:01  Zergling x6  
  143  10:10  Hydralisk x2, Muscular Augments  
  143  10:11  Hydralisk  
  143  10:12  Hydralisk  
  150  10:15  Hydralisk  
  150  10:21  Overseer, Hydralisk  
  152  10:23  Zergling x6  
  152  10:27  Hydralisk  
  159  10:34  Hydralisk  
  159  10:35  Hydralisk x2  
  163  10:36  Hydralisk  
  163  10:41  Drone  
  168  10:43  Drone  
  168  10:48  Spore Crawler x2, Drone  
  168  10:51  Baneling x6  
  168  10:54  Overlord x2  
  167  11:11  Zergling x4  
  168  11:14  Hydralisk x2  
  168  11:15  Hydralisk x6  
  168  11:17  Zergling x2  
  168  11:18  Zergling x2  
  183  11:29  Hydralisk x2  
  182  11:38  Hydralisk x4  
  182  11:39  Hydralisk x2  
  179  11:41  Roach  
  167  11:48  Hydralisk x3  
  170  11:54  Roach x3  
  170  12:00  Baneling x5  
  170  12:01  Baneling x2  
  174  12:03  Zergling x4  
  176  12:10  Overlord x2  
  175  12:19  Overlord  
Tags
 
Add a new tag
Caveats
  • Supply blocks, unpowered buildings, or Contaminate may cause inaccurate times.
  • Supply counts are checked every 10 seconds.